Cogmind - Beta 11.1 @@@ ROGUE MODE // 2022.05.19 @ 04:39:59 Player: Miwa Result: Destroyed by D-53 Grenadier with Mini Grenade Launcher Performance ------------- Evolutions (0) 0 Regions Visited (4) 800 Robots Destroyed (12) 60 Value Destroyed (259) 259 Prototype IDs (1) 20 Alien Tech Used (0) 0 Bonus (300) 300 TOTAL SCORE: 1439 Bonus ------- Aligned with FarCom 300 Cogmind --------- Core Integrity 0/250 Matter 300/300 Energy 100/100 System Corruption 0% Temperature Cool (0) Movement Treading (152) Location -9/Mines Parts ------- > --- POWER (1) -------- (None) > --- PROPULSION (2) --- Light Treads Advanced Treads > --- UTILITY (2) ------ Large Storage Unit PSU Rigger > --- WEAPON (2) ------- Small Laser Small Laser > --- INVENTORY (15) --- Light Ion Engine Light Treads Improved Heat Sink Sensor Array Heavy Armor Plating Small Laser Small Laser Particle Gun Peak State ------------ > --- POWER ------------ Ion Engine > --- PROPULSION ------- Light Treads Advanced Treads > --- UTILITY ---------- Small Storage Unit PSU Rigger > --- WEAPON ----------- Small Laser Assault Rifle > --- INVENTORY -------- Light Ion Engine Light Treads Improved Heat Sink Sensor Array Heavy Armor Plating Small Laser Small Laser [Rating: 17] Favorites ----------- Power Ion Engine Engine Ion Engine Propulsion Wheel Treads Advanced Treads Wheel Wheel Utility Small Storage Unit Device Sensor Array Storage Small Storage Unit Weapon Small Laser Energy Gun Small Laser Ballistic Gun Assault Rifle Build | -11 -10 -10 -10 -9 ------- Run | Scr Mat Min Exi Min Slots Evolved . | . . . . . Power . | . . . . . Propulsion . | . . . . . Utility . | . . . . . Weapon . | . . . . . Parts Attached 15 | 7 1 3 2 2 Power 2 | 1 . 1 . . Engine 2 | 1 . 1 . . Core . | . . . . . Reactor . | . . . . . Propulsion 4 | 2 . 2 . . Treads 2 | . . 2 . . Leg . | . . . . . Wheel 2 | 2 . . . . Hover . | . . . . . Flight . | . . . . . Utility 5 | 2 1 . 2 . Device 3 | 1 1 . 1 . Storage 2 | 1 . . 1 . Processor . | . . . . . Hackware . | . . . . . Protection . | . . . . . Artifact . | . . . . . Weapon 4 | 2 . . . 2 Energy Gun 3 | 1 . . . 2 Energy Cannon . | . . . . . Ballistic Gun 1 | 1 . . . . Ballistic Cannon . | . . . . . Launcher . | . . . . . Special Weapon . | . . . . . Impact Weapon . | . . . . . Slashing Weapon . | . . . . . Piercing Weapon . | . . . . . Special Melee Weapon . | . . . . . Unidentified Prototypes 1 | . . . 1 . Parts Lost 1 | . . . . 1 Power 1 | . . . . 1 Propulsion . | . . . . . Utility . | . . . . . Weapon . | . . . . . Highest Loss Streak 1 | . . . . 1 To Critical Strikes . | . . . . . Average Slot Usage (%) 99 | . 100 100 100 98 Engine 13 | . 14 14 14 13 Treads 14 | . . 4 28 28 Wheel 13 | . 28 23 . . Device 14 | . 14 14 14 14 Storage 14 | . 14 14 14 14 Energy Gun 15 | . 14 14 14 25 Ballistic Gun 12 | . 14 14 14 1 Naked Turns . | . . . . . Heaviest Build 30 | 14 14 14 30 30 Greatest Support 42 | 20 20 42 42 42 Greatest Overweight (x) . | . . . . . Average Overweight (x) . | . . . . . Largest Inventory Capacity 15 | 8 8 8 15 15 Average Capacity 9 | 7 8 8 9 15 Most Carried 9 | 7 7 8 8 9 Average Carried 7 | 4 6 7 7 8 Final Capacity 15 | 8 8 8 15 15 Final Carried 9 | 6 6 8 8 9 Class Distribution -------------------- 100% | Mutant Dominant Class ---------------- Mutant | -10/Materials Mutant | -10/Mines Mutant | -10/Exiles Mutant | -9/Mines Resources | -11 -10 -10 -10 -9 ----------- Run | Scr Mat Min Exi Min Matter Collected 473 | 303 22 64 . 84 Remotely . | . . . . . Salvage Created 454 | 137 24 150 . 143 Parts 20 | 7 1 9 . 3 Haulers Intercepted . | . . . . . Recyclers Shooed 1 | . . 1 . . Parts Field Recycled . | . . . . . Retrieved Matter . | . . . . . Parts Self-Destructed . | . . . . . Prevented . | . . . . . Kills | -11 -10 -10 -10 -9 ------- Run | Scr Mat Min Exi Min Combat Hostiles Destroyed 6 | . . 3 . 3 Guns 6 | . . 3 . 3 Classes Destroyed 4 | 3 . 1 . . Worker 2 | 1 1 . . . Tunneler 3 | 2 . 1 . . Recycler 1 | 1 . . . . Grunt 6 | . . 3 . 3 Best Kill Streak 4 | 4 1 2 . 3 Combat Bots Only 3 | . . 2 . 3 Max Kills in Single Turn 1 | 1 1 1 . 1 Gunslinging . | . . . . . Exploded . | . . . . . Melee . | . . . . . Uniques/NPCs Destroyed . | . . . . . Combat | -11 -10 -10 -10 -9 -------- Run | Scr Mat Min Exi Min Damage Taken 691 | . . 192 . 499 Core 252 | . . 25 . 227 Absorbed by Shields . | . . . . . Core Remaining (%) 100 | 100 . . . . Volleys Fired 42 | 14 1 18 . 9 Largest 2 | 2 2 2 . 2 Hottest 80 | 60 60 60 . 80 Shots Fired 84 | 28 2 36 . 18 Gun 84 | 28 2 36 . 18 Cannon . | . . . . . Launcher . | . . . . . Special . | . . . . . Kinetic 41 | 14 1 18 . 8 Thermal 43 | 14 1 18 . 10 Explosive . | . . . . . Electromagnetic . | . . . . . Robot Hit Streak 12 | 5 4 12 . 11 Robot Miss Streak 4 | 3 . 2 . 4 Penetration Max . | . . . . . Secondary Targets 2 | . . 1 . 1 Max Gunslinging Chain 1 | . . 1 . 1 Shots Hit Robots 57 | 16 2 25 . 14 Core Hits 24 | 5 1 9 . 9 Critical Kills . | . . . . . Critical Parts Destroyed . | . . . . . Critical Strikes . | . . . . . Melee Attacks . | . . . . . Impact . | . . . . . Slashing . | . . . . . Piercing . | . . . . . Sneak Attacks . | . . . . . Combat Hostiles . | . . . . . Follow-up Attacks . | . . . . . Damage Inflicted 729 | 202 20 316 . 191 Guns 729 | 202 20 316 . 191 Cannons . | . . . . . Explosions . | . . . . . Melee . | . . . . . Ramming . | . . . . . Kinetic 368 | 85 10 180 . 93 Thermal 361 | 117 10 136 . 98 Explosive . | . . . . . Electromagnetic . | . . . . . Impact . | . . . . . Slashing . | . . . . . Piercing . | . . . . . Highest Corruption . | . . . . . Average Corruption . | . . . . . Corruption Purged . | . . . . . Corruption Blocked . | . . . . . Overload Shots . | . . . . . Overflow Damage . | . . . . . Projectiles . | . . . . . Explosions . | . . . . . Melee . | . . . . . Knockbacks . | . . . . . Impact . | . . . . . Kinetic . | . . . . . Secondary . | . . . . . Self-Inflicted Damage . | . . . . . Shots . | . . . . . Rammed . | . . . . . Targets Rammed . | . . . . . Kicked . | . . . . . Crushed . | . . . . . Highest Temperature 180 | . . 96 . 180 Average Temperature 76 | . . 54 . 96 Received Heat Transfer 288 | . . 108 . 180 Siege Activations . | . . . . . Robots Corrupted . | . . . . . Combat Hostiles . | . . . . . Parts Fried . | . . . . . Impact Corruptions . | . . . . . Robots Melted . | . . . . . Combat Hostiles . | . . . . . Parts Melted . | . . . . . Heat Transferred 825 | 275 25 300 . 225 Parts Sabotaged . | . . . . . Parts Stolen . | . . . . . Parts Stripped . | . . . . . Power Chain Reactions . | . . . . . Missiles Intercepted . | . . . . . Alert | -11 -10 -10 -10 -9 ------- Run | Scr Mat Min Exi Min Peak Influence 88 | 20 35 88 . 85 Initial 13 | . 13 13 . . Average 43 | 4 23 43 . 78 Maximum Alert Level . | . . . . . Low Security (%) 100 | 100 100 100 . 100 Level 1 . | . . . . . Level 2 . | . . . . . Level 3 . | . . . . . Level 4 . | . . . . . Level 5 . | . . . . . High Security . | . . . . . Max Security . | . . . . . Squads Dispatched . | . . . . . Investigation . | . . . . . Extermination . | . . . . . Reinforcement . | . . . . . Assault . | . . . . . Garrison . | . . . . . Intercept . | . . . . . Searches Triggered . | . . . . . Construction Impeded . | . . . . . Haulers Reinforced . | . . . . . Active Scanning Responses . | . . . . . Cargo Convoy Interrupts . | . . . . . Stealth | -11 -10 -10 -10 -9 --------- Run | Scr Mat Min Exi Min Distress Signals . | . . . . . Communications Jammed . | . . . . . Distress Signals . | . . . . . Times Spotted 10 | . . 5 . 5 Peak Tracking Total 3 | . . 3 . 3 Tactical Retreats . | . . . . . Traps | -11 -10 -10 -10 -9 ------- Run | Scr Mat Min Exi Min Traps Triggered . | . . . . . Indirectly . | . . . . . Trap Hack Attempts . | . . . . . Triggered . | . . . . . Disarmed . | . . . . . Reprogrammed . | . . . . . Reused . | . . . . . Traps Extracted . | . . . . . Installed . | . . . . . Triggered . | . . . . . Most Traps Carried 1 | . . 1 1 . Machines | -11 -10 -10 -10 -9 ---------- Run | Scr Mat Min Exi Min Machines Disabled . | . . . . . Max in Single Turn . | . . . . . Machines Sabotaged . | . . . . . Garrisons Compromised . | . . . . . Overloaded Fab Kills . | . . . . . Hacking | -11 -10 -10 -10 -9 --------- Run | Scr Mat Min Exi Min Machines Accessed 4 | . 2 1 . 1 Terminals 3 | . 2 . . 1 Fabricators . | . . . . . Repair Stations . | . . . . . Recycling Units . | . . . . . Scanalyzers . | . . . . . Garrison Access . | . . . . . Total Hacks 8 | . 6 1 . 1 Successful 6 | . 4 1 . 1 Failed 2 | . 2 . . . Catastrophic 1 | . 1 . . . Database Lockouts . | . . . . . Manual 4 | . 3 . 1 . Terminals 7 | . 6 . . 1 Fabricators . | . . . . . Repair Stations . | . . . . . Recycling Units . | . . . . . Scanalyzers . | . . . . . Garrison Access . | . . . . . Terminal Hacks 6 | . 4 1 . 1 Open Door 1 | . . 1 . . Branch Access Points 1 | . 1 . . . Emergency Access Points 2 | . 2 . . . Locate Traps 1 | . 1 . . . Zone Layout 1 | . . . . 1 Fabricator Hacks . | . . . . . Repair Station Hacks . | . . . . . Recycling Unit Hacks . | . . . . . Scanalyzer . | . . . . . Garrison Access Hacks . | . . . . . Unauthorized Hacks . | . . . . . Terminals . | . . . . . Fabricators . | . . . . . Repair Stations . | . . . . . Recycling Units . | . . . . . Scanalyzers . | . . . . . Garrison Access . | . . . . . Data Cores Recovered . | . . . . . Used . | . . . . . Hacking Detections 2 | . 1 . . 1 Full Trace Events . | . . . . . Feedback Events . | . . . . . Feedback Blocked . | . . . . . Robot Schematics Acquired . | . . . . . Robots Built . | . . . . . Authchips . | . . . . . Time . | . . . . . Total Robot Build Rating . | . . . . . Part Schematics Acquired . | . . . . . Parts Built . | . . . . . Authchips . | . . . . . Time . | . . . . . Total Part Build Rating . | . . . . . Parts Repaired . | . . . . . Time . | . . . . . Parts Recycled . | . . . . . Recycled Matter . | . . . . . Retrieved Matter . | . . . . . Retrieved Components . | . . . . . Parts Scanalyzed . | . . . . . Part Schematics Acquired . | . . . . . Parts Damaged . | . . . . . Bothacking | -11 -10 -10 -10 -9 ------------ Run | Scr Mat Min Exi Min Used RIF Installer . | . . . . . Robots Hacked . | . . . . . Non-combat . | . . . . . Combat . | . . . . . Robot Hacks Applied . | . . . . . Relay Couplers Released . | . . . . . Fabnet Peak Effective % . | . . . . . Robots Rewired . | . . . . . Allies Hacked . | . . . . . Hacks Repelled . | . . . . . Allies | -11 -10 -10 -10 -9 -------- Run | Scr Mat Min Exi Min Total Allies . | . . . . . Largest Group . | . . . . . Highest-Rated Group . | . . . . . Highest-Rated Ally . | . . . . . Total Orders . | . . . . . Ally Attacks . | . . . . . Total Damage . | . . . . . Kills . | . . . . . Allies Corrupted . | . . . . . Allies Melted . | . . . . . Intel | -11 -10 -10 -10 -9 ------- Run | Scr Mat Min Exi Min Robot Analysis Total . | . . . . . Derelict Logs Recovered 3 | . . 2 . 1 Drone Launches . | . . . . . Drone Recoveries . | . . . . . Exploration | -11 -10 -10 -10 -9 ------------- Run | Scr Mat Min Exi Min Turns Passed 1532 | 116 114 656 463 183 Spaces Moved 1233 | 74 135 623 302 99 Core 15 | 15 . . . . Treads 473 | . . 72 302 99 Legs . | . . . . . Wheels 745 | 59 135 551 . . Hover . | . . . . . Flight . | . . . . . Fastest Speed 50 | 50 80 80 152 152 Average Speed 107 | 73 80 88 152 152 Slowest Speed 152 | 80 80 152 152 152 Overloaded Moves . | . . . . . Propulsion Burnouts . | . . . . . Robots Hopped . | . . . . . Cave-ins Triggered . | . . . . . Exploration Rate (%) 36 | 3 22 94 51 14 Regions Visited 4 Branch Regions 3 Pre-discovered Areas 1 | . . 1 . . Known Exits Taken 1 | . 1 . . . Unknown Exits Taken 3 | 1 . 1 1 . Scrap Searched 1 | . . 1 . . Spaces Dug . | . . . . . Terrain Destroyed . | . . . . . Melee . | . . . . . Projectile . | . . . . . AOE . | . . . . . Terrain Rammed . | . . . . . Walls Destroyed . | . . . . . Machines Disabled . | . . . . . Actions | -11 -10 -10 -10 -9 --------- Run | Scr Mat Min Exi Min Total 1359 | 107 138 695 306 113 Wait 40 | . . 40 . . Move 1229 | 73 134 622 301 99 Hop . | . . . . . Pick Up 23 | 13 1 6 1 2 Fast Attach 1 | . . 1 . . Attach 9 | 7 . 1 . 1 Detach . | . . . . . Swap 5 | . 1 1 2 1 Drop 10 | . 1 6 2 1 Fire 42 | 14 1 18 . 9 Melee . | . . . . . Ram . | . . . . . Kick . | . . . . . Crush . | . . . . . Escape Stasis . | . . . . . Rewire . | . . . . . Trap . | . . . . . Miscellaneous . | . . . . . Route ------- -11/Scrapyard -10/Materials (discovered 2 exits: *Min x2) -10/Mines (discovered 3 exits: [*Mat x2] / *Exi) -10/Exiles -9/Mines (discovered 1 exit: [*Mat]) History --------- Turn | Location | Event 7 | -11/Scrapyard | Discovered new exit (range 15) 117 | -11/Scrapyard | Entered Materials 117 | -10/Materials | Discovered new exit (range 8) 173 | -10/Materials | Identified exit to Mines 231 | -10/Materials | Entered Mines 301 | -10/Mines | Build established: Mutant 602 | -10/Mines | Learned Materials stockpile data 607 | -10/Mines | Discovered new exit (range 10) 750 | -10/Mines | Discovered new exit (range 6) 764 | -10/Mines | Met a Derelict who couldn't figure out how to use a Trap Extractor 831 | -10/Mines | Learned location of Zion (-7) 844 | -10/Mines | Found a hidden stash of uninstalled traps 880 | -10/Mines | Deemed a non-threat by the Exiles lab entrance 880 | -10/Mines | Discovered new exit (range 5) 887 | -10/Mines | Entered Exiles 929 | -10/Exiles | Met 8R-AWN 950 | -10/Exiles | Met EX-HEX 998 | -10/Exiles | Met EX-BIN 1020 | -10/Exiles | Aligned with FarCom system 1021 | -10/Exiles | Given EX-Vault access code 1056 | -10/Exiles | Opened EX-Vault 1066 | -10/Exiles | Found Prototype Device 1067 | -10/Exiles | Identified PSU Rigger 1100 | -10/Exiles | Warned to stay clear of 0b10 Research branches 1330 | -10/Exiles | Discovered new exit (range 14) 1350 | -10/Exiles | Left Exiles lab with PSU Rigger 1350 | -10/Exiles | Entered Mines 1449 | -9/Mines | Learned 8 Materials zone layouts 1507 | -9/Mines | Assembled infested the area 1522 | -9/Mines | Discovered new exit (range 14) 1531 | -9/Mines | Core integrity fell below 50% 1532 | -9/Mines | Core integrity fell below 20% 1533 | -9/Mines | Destroyed by D-53 Grenadier with Mini Grenade Launcher Last Messages --------------- Acquired 10 matter. Acquired Sml. Laser. K-01 Serf cleans the Plasma Injector. Acquired Particle Gun. K-01 Serf collects debris. Connecting with Terminal... Current location identified: Mines >>Layout(Zone) Retrieving Zone 8T layout... Downloaded map data. R-06 Scavenger collects Aluminum Leg. K-01 Serf collects debris. R-06 Scavenger collects Assault Rifle. K-01 Serf collects debris. Acquired derelict log, extracted data. Data stored: Materials zone layouts (x8). K-01 Serf collects debris. ALERT: Infestation in the mines, dispatching Demolisher response squad. EXIT=FOUND Ion Engine destroyed. Map ----- +----------------------------------------------------+ | ??# %############# ????????????? | | ??## ##???????????# ????????????? | | ???# #????????????# ????????????? | | ???# #????????????# ????????????? | | ???# #????????????# ????????????? | | ???# #????????????# ????????????? | | ?### #######??????# ????????????? | | ?# #??????# ????????????? | | ?# #??????##????????????? | | ?# """ """ #????????????????????? | | ?# """ """ #????????????????????? | | ?# """ """ #????????????????????? | | ?# #????????????????????? | | ?# #????????????????????? | | ?# #????????????????????? | | ?####T## ###????????????????????? | | ????#### #??????????????????????? | | ???????# #??????????????????????? | | ???????# #??????????????????????? | | ??????## #??????????????????????? | | ????### ####???????????????????? | | ????# ##??????????????????? | | ????# #??????????????????? | | ????# #???????????????????? | | ????# #??????#????????????? | | ????# @ #??#####????????????? | | ????# ### ????????????? | | ????## ### ????????????? | | ?????## # ????????????? | | ??????####dd# % % ????????????? | | ?????????# t ##????????????? | | ?????????? ?" #?????????????? | | ?????????? ?? #?????????????? | | ??????????# ?? #?????????????? | | ???????????# ?? #?????????????? | | ???????????? # ???#?????????????? | | ???????????? ????????????????? | | ???????????? ????????????????? | | ????????????? <% ????????????????? | | ????????????? ???????????????????? | | ?????????????????????????????????? | | ?????????????????????????????????? | | ?????????????????????????????????? | | ?????????????????????????????????? | | ?????????????????????????????????? | | ?????????????????????????????????? | | ?????????????????????????????????? | | | | | | | +----------------------------------------------------+ Best States ------------- Heat Dissipation 25 Energy Generation 10 Energy Capacity 250 Matter Stores 300 Matter Capacity 300 Sight Range 16 Robot Scan Range 14 Terrain Scan Range 16 Terrain Scan Density 10 Evasion (%) 44 Recoil Reduction 2 Item Schematics ----------------- None Robot Schematics ------------------ None Fabricated ------------ Nothing Alien Tech Used ----------------- None Achievements -------------- None Challenges ------------ None Game ------ Seed MeleeTitaniumMembrane Manual? 0 Play Time 00:14:51 Cumulative 17.7 hours Start 2022.05.19 @ 04:25:59 End 2022.05.19 @ 04:39:59 Sessions 1 Manual Loads 0 Difficulty Rogue Special Mode None Game No. 28 Rogue 28 Adventurer 0 Explorer 0 Win Type - Total 0 Types 0/0/0/0/0/0/0/0/0 Lore% 16 Gallery% 23 Achievement% 18 Wizard Run 0 Options --------- ASCII 0 Keyboard 0 Movement Mouse Keybinds 0 Fullscreen 2 Font 24/Smallcaps Map View 76x50 Tactical HUD 0 Map Filters NONE Filters NONE Steam 1 RUN: 8f69993b-b22c-48a2-962e-912cced0a7ca